 Dungeon Crawl Stone Soup version 0.26.1-11-gd32895ea62 (webtiles) character file.

Game seed: 9989660708575458209

119 ubername the Chiller (level 5, -2/36 HPs)
             Began as a Barachi Ice Elementalist on July 7, 2021.
             Killed from afar by Sigmund (3 damage)
             ... with a magic dart
             ... on level 2 of the Dungeon.
             The game lasted 00:07:58 (2465 turns).

ubername the Chiller (Barachi Ice Elementalist)     Turns: 2465, Time: 00:07:59

Health: -2/36      AC:  8    Str:  9    XL:     5   Next: 3%
Magic:  0/9        EV: 13    Int: 16    God:
Gold:   125        SH:  0    Dex: 13    Spells: 2/9 levels left

rFire    . . .     SeeInvis .   a - +2 short sword (venom)
rCold    . . .     Faith    .   (no shield)
rNeg     . . .     Spirit   .   h - +0 robe
rPois    .         Reflect  .   (no helmet)
rElec    .         Harm     .   (no cloak)
rCorr    .         Rampage  .   (no gloves)
Will     .....                  (no boots)
Stlth    ++........             (no amulet)
HPRegen  0.12/turn              (no ring)
MPRegen  0.11/turn              (no ring)

@: icy armour, frozen ramparts, slow
A: +LOS, swims, slowness 1, strong legs 1
a: Hop


You were on level 2 of the Dungeon.
You visited 1 branch of the dungeon, and saw 2 of its levels.

You collected 125 gold pieces.

Inventory:

Hand Weapons
 a - a +2 short sword of venom (weapon)
 b - a +0 hunting sling
 e - a +0 dagger of flaming
Missiles
 d - 3 poisoned darts (quivered)
 f - 63 stones
Armour
 h - a +0 robe (worn)
Jewellery
 j - a +6 ring of strength {unknown}


   Skills:
 + Level 0.7 Fighting
 * Level 1.1 Short Blades
 + Level 1.8 Throwing
 + Level 2.7 Dodging
 + Level 2.0 Stealth
 + Level 2.6 Spellcasting
 + Level 5.9 Ice Magic


You had 2 spell levels left.
You knew the following spells:

 Your Spells              Type           Power        Failure   Level
a - Freeze                Ice            84%          1%          1
b - Frozen Ramparts       Ice            42%          4%          3
c - Ozocubu's Armour      Ice            21%          4%          3

Your spell library contained the following spells:

 Spells                   Type           Power        Failure   Level
 Hailstorm                Conj/Ice       11%          50%         4
 Summon Ice Beast         Ice/Summ       11%          50%         4


Dungeon Overview and Level Annotations

Branches:
Dungeon (2/15)

Altars:
Makhleb
Xom

Annotations:
D:2 Sigmund


Innate Abilities, Weirdness & Mutations

You can be seen from farther away. (+LOS)
You can swim through water.
You cover ground slowly.
You can hop short distances.


Message History

The frozen ramparts melt away.
You feel less confused. The adder barely misses you. Something hits you!
* * * LOW HITPOINT WARNING * * *
Casting: Ozocubu's Armour (dangerous; 4% risk of failure)
Confirm with . or Enter, or press ? or * to list all spells.
Casting: Frozen Ramparts (dangerous; 4% risk of failure)
Press: ? - help, Dir - look around, f - activate The walls around you are covered in ice.
The wall freezes the adder.
The adder closely misses you.
The wall freezes the adder.
The adder seems to slow down.
The adder bites you but does no damage. Something hits you.
* * * LOW HITPOINT WARNING * * *
The wall freezes the adder!
You kill the adder!
The dart slug launches a dart at you. The slug dart misses you.
A magic dart appears from out of thin air!
The magic dart hits you.
You die...

*,,,,,?,,,*#.**.# *,*
******#.*,##.##.# *,* *.#,,.....#
*,* *,..,,....# *,*########
**#.###.w(###.##....... ****
#.......(...##.#####. ,,,********
#.#.#.{#***#......... **,*,,,,,,*
#.#.#†.# #.#.##..#. **,*,****,*
#...@..# #.#....... ,,,,,,,,*,*
###(#### ##.#.#)..## ,,,,,**,*,*
#(..######........# **,*,**,*,*
#...##...#..##.#..# **,*,,,,,,*
#......_..........##
,,,*,**,*#####..........###.#.###
,***,**,*#...............##.#.###
,,,,,**,............⌠†...##.#....
,,,,,,**##...............##..####


You could see a dart slug.

Vanquished Creatures
  4 gnolls (D:2)
  2 adders (D:2)
  4 dart slugs (D:1)
  3 leopard geckos
  A giant cockroach (D:1)
  8 goblins
  3 hobgoblins (D:1)
  10 jackals
  A ball python (D:1)
  7 bats
  4 frilled lizards
  7 kobolds
  6 rats
60 creatures vanquished.

Notes
Turn   | Place    | Note
-------+----------+-------------------------------------------
     0 | D:1      | ubername the Barachi Ice Elementalist began the quest for
                  | the Orb.
     0 | D:1      | Reached XP level 1. HP: 13/13 MP: 3/3
   106 | D:1      | Reached skill level 5 in Ice Magic
   443 | D:1      | Reached XP level 2. HP: 13/19 MP: 1/5
  1062 | D:1      | Reached XP level 3. HP: 24/24 MP: 6/6
  1066 | D:1      | Learned a level 3 spell: Frozen Ramparts
  1922 | D:2      | Reached skill level 1 in Throwing
  1922 | D:2      | Reached XP level 4. HP: 19/31 MP: 2/7
  2046 | D:2      | Reached skill level 1 in Short Blades
  2183 | D:2      | Found a burning altar of Makhleb.
  2201 | D:2      | Learned a level 3 spell: Ozocubu's Armour
  2225 | D:2      | Found a shimmering altar of Xom.
  2449 | D:2      | Noticed Sigmund
  2456 | D:2      | Reached XP level 5. HP: 19/36 MP: 2/9
  2464 | D:2      | HP: 1/36 [something (5)]
  2465 | D:2      | Killed from afar by Sigmund

Illustrated notes

Levels and vault maps discovered:
D:1:      dpeg_arrival_orchard, layout_loops_ring, minmay_tromino_v4_c
D:2:      layout_loops_cross, grunt_temple_overflow_open, old_standard_altar,
          nicolae_ru_the_path_less_chosen, uniq_sigmund

Skill      XL: |  1  2  3  4 |
---------------+-------------+-----
Ice Magic      | 5 |  5.9
Throwing       | 1 |  1.8
Short Blades   | 1 |  1.1
Stealth        | 2 |  2.0
Fighting       | |  0.7
Dodging        | |  2.7
Spellcasting   | |  2.6

Action                   |  1- 3 |  4- 6 || total
-------------------------+-------+-------++-------
Melee: Club              |     6 |       ||     6
       Unarmed           |     4 |       ||     4
       Dagger            |    22 |       ||    22
       Short sword       |     6 |    10 ||    16
Throw: Dart              |    43 |    12 ||    55
       Stone             |     2 |       ||     2
 Cast: Freeze            |    36 |       ||    36
       Frozen Ramparts   |     1 |     7 ||     8
       Ozocubu's Armour  |       |     1 ||     1
  Use: Potion            |     2 |       ||     2
       Scroll            |     1 |       ||     1
 Stab: Sleeping          |     1 |     1 ||     2
Armor: Robe              |    20 |     4 ||    24
Dodge: Dodged            |    69 |    33 ||   102
